Workbook

Sheet Финансовое обеспечение
A1: Отчет о выполнении мероприятий муниципальных программ за 2025 год
A3: № п/п | B3: Наименование мероприятия / Источники расходов на финансирование | C3: Объем расходов на выполнение мероприятия за счет всех источников ресурсного обеспечения, тыс.руб.
C4: план | D4: факт | E4: откл., %
A5: 1 | B5: 2 | C5: 3 | D5: 4 | E5: 5
B6: Всего по муниципальным программам, в т.ч.: | C6: =SUM(C7:C12) -> 11873832 | D6: =SUM(D7:D12) -> 11780951 | E6: =D6*100/C6 -> 99.217774
B7: средства публично-правовой компании «Фонд развития территорий» | C7: =C15 -> 0 | D7: =D15 -> 0 | E7: =D7*100/C7 -> #DIV/0!
B8: федеральный бюджет | C8: =C16+C23 -> 176530 | D8: =D16+D23 -> 176251.4 | E8: =D8*100/C8 -> 99.84218
B9: областной бюджет | C9: =C17+C24 -> 5872230.5 | D9: =D17+D24 -> 5838115.2 | E9: =D9*100/C9 -> 99.41904
B10: местный бюджет | C10: =C18+C25 -> 5271470.5 | D10: =D18+D25 -> 5216942.9 | E10: =D10*100/C10 -> 98.965609
B11: средства собственников | C11: =C19 -> 3762.9 | D11: =D19 -> 3762.9 | E11: =D11*100/C11 -> 100
B12: внебюджетные источники | C12: =C20+C26 -> 549837.7 | D12: =D20+D26 -> 545879 | E12: =D12*100/C12 -> 99.280024
B13: Капитальные вложения
B14: Всего по капитальным вложениям, в т.ч.: | C14: =SUM(C15:C20) -> 1078565.5 | D14: =SUM(D15:D20) -> 1076205.2 | E14: =D14*100/C14 -> 99.781163
B15: средства публично-правовой компании «Фонд развития территорий» | C15: =C272 -> 0 | D15: =D272 -> 0 | E15: =D15*100/C15 -> #DIV/0!
B16: федеральный бюджет | C16: =C41+C69+C102+C155+C183+C273+C342+C420+C453+C536+C629+C774 -> 0 | D16: =D41+D69+D102+D155+D183+D273+D342+D420+D453+D536+D629+D774 -> 0 | E16: =D16*100/C16 -> #DIV/0!
B17: областной бюджет | C17: =C42+C70+C103+C156+C184+C274+C343+C421+C454+C537+C630+C775 -> 607176.7 | D17: =D42+D70+D103+D156+D184+D274+D343+D421+D454+D537+D630+D775 -> 607134.1 | E17: =D17*100/C17 -> 99.992984
B18: местный бюджет | C18: =C43+C71+C104+C157+C185+C275+C344+C422+C455+C538+C631+C776 -> 467625.9 | D18: =D43+D71+D104+D157+D185+D275+D344+D422+D455+D538+D631+D776 -> 465308.2 | E18: =D18*100/C18 -> 99.504369
B19: средства собственников | C19: =C764 -> 3762.9 | D19: =D764 -> 3762.9 | E19: =D19*100/C19 -> 100
B20: внебюджетные источники | C20: =C44+C72+C105+C158+C186+C276+C345+C423+C456+C539+C632+C778 -> 0 | D20: =D44+D72+D105+D158+D186+D276+D345+D423+D456+D539+D632+D778 -> 0 | E20: =D20*100/C20 -> #DIV/0!
B21: Прочие нужды
B22: Всего по прочим нуждам, в т.ч.: | C22: =SUM(C23:C26) -> 10795266 | D22: =SUM(D23:D26) -> 10704746 | E22: =D22*100/C22 -> 99.161485
B23: федеральный бюджет | C23: =C47+C75+C108+C161+C189+C315+C348+C426+C464+C547+C635+C768 -> 176530 | D23: =D47+D75+D108+D161+D189+D315+D348+D426+D464+D547+D635+D768 -> 176251.4 | E23: =D23*100/C23 -> 99.84218
B24: областной бюджет | C24: =C48+C76+C109+C162+C190+C316+C349+C427+C465+C548+C636+C769 -> 5265053.8 | D24: =D48+D76+D109+D162+D190+D316+D349+D427+D465+D548+D636+D769 -> 5230981.1 | E24: =D24*100/C24 -> 99.352852
B25: местный бюджет | C25: =C49+C77+C110+C163+C191+C317+C350+C428+C466+C549+C637+C770 -> 4803844.6 | D25: =D49+D77+D110+D163+D191+D317+D350+D428+D466+D549+D637+D770 -> 4751634.7 | E25: =D25*100/C25 -> 98.913164
B26: внебюджетные источники | C26: =C50+C78+C111+C164+C192+C318+C351+C429+C467+C550+C638+C771 -> 549837.7 | D26: =D50+D78+D111+D164+D192+D318+D351+D429+D467+D550+D638+D771 -> 545879 | E26: =D26*100/C26 -> 99.280024
B27: Программы Администрации Каменск-Уральского городского округа (I - IV)
B28: Всего по Администрации Каменск-Уральского городского округа (прочие нужды), в т.ч.: | C28: =SUM(C29:C32) -> 396313.3 | D28: =SUM(D29:D32) -> 391980.8 | E28: =D28*100/C28 -> 98.906799
B29: федеральный бюджет | C29: =C149+C96+C63+C35 -> 0 | D29: =D149+D96+D63+D35 -> 0 | E29: -
B30: областной бюджет | C30: =C150+C97+C64+C36 -> 7244.8 | D30: =D150+D97+D64+D36 -> 6619.6 | E30: =D30*100/C30 -> 91.370362
B31: местный бюджет | C31: =C151+C98+C65+C37 -> 368681.7 | D31: =D151+D98+D65+D37 -> 364974.4 | E31: =D31*100/C31 -> 98.994444
B32: внебюджетные источники | C32: =C152+C99+C66+C38 -> 20386.8 | D32: =D152+D99+D66+D38 -> 20386.8 | E32: =D32*100/C32 -> 100
A33: I | B33: Муниципальная программа «Реализация социальной политики в Каменск-Уральском городском округе на 2025-2030 годы»
B34: Всего по программе, в т.ч. | C34: =SUM(C35:C38) -> 29606 | D34: =SUM(D35:D38) -> 29540.6 | E34: =D34*100/C34 -> 99.779099
B35: федеральный бюджет | C35: =C41+C47 -> 0 | D35: =D41+D47 -> 0 | E35: =D35*100/C35 -> #DIV/0!
B36: областной бюджет | C36: =C42+C48 -> 0 | D36: =D42+D48 -> 0 | E36: =D36*100/C36 -> #DIV/0!
B37: местный бюджет | C37: =C43+C49 -> 29606 | D37: =D43+D49 -> 29540.6 | E37: =D37*100/C37 -> 99.779099
B38: внебюджетные источники | C38: =C44+C50 -> 0 | D38: =D44+D50 -> 0 | E38: =D38*100/C38 -> #DIV/0!
B39: Капитальные вложения
B40: Всего по капитальным вложениям, в т.ч.: | C40: =SUM(C41:C44) -> 0 | D40: =SUM(D41:D44) -> 0 | E40: =D40*100/C40 -> #DIV/0!
B41: федеральный бюджет | C41: 0 | D41: 0 | E41: =D41*100/C41 -> #DIV/0!
B42: областной бюджет | C42: 0 | D42: 0 | E42: =D42*100/C42 -> #DIV/0!
B43: местный бюджет | C43: 0 | D43: 0 | E43: =D43*100/C43 -> #DIV/0!
B44: внебюджетные источники | C44: 0 | D44: 0 | E44: =D44*100/C44 -> #DIV/0!
B45: Прочие нужды
B46: Всего по прочим нуждам, в т.ч.: | C46: =SUM(C47:C50) -> 29606 | D46: =SUM(D47:D50) -> 29540.6 | E46: =D46*100/C46 -> 99.779099
B47: федеральный бюджет | C47: =C52+C57 -> 0 | D47: =D52+D57 -> 0 | E47: =D47*100/C47 -> #DIV/0!
B48: областной бюджет | C48: =C53+C58 -> 0 | D48: =D53+D58 -> 0 | E48: =D48*100/C48 -> #DIV/0!
B49: местный бюджет | C49: =C54+C59 -> 29606 | D49: =D54+D59 -> 29540.6 | E49: =D49*100/C49 -> 99.779099
B50: внебюджетные источники | C50: =C55+C60 -> 0 | D50: =D55+D60 -> 0 | E50: =D50*100/C50 -> #DIV/0!
A51: 1 | B51: Подпрограмма «Дополнительные меры социальной поддержки населения в Каменск-Уральском городском округе на 2025-2030 годы», в т.ч.: | C51: =SUM(C52:C55) -> 29556 | D51: =SUM(D52:D55) -> 29490.7 | E51: =D51*100/C51 -> 99.779063
B52: федеральный бюджет | C52: 0 | D52: 0 | E52: =D52*100/C52 -> #DIV/0!
B53: областной бюджет | C53: 0 | D53: 0 | E53: =D53*100/C53 -> #DIV/0!
B54: местный бюджет | C54: 29556 | D54: 29490.7 | E54: =D54*100/C54 -> 99.779063
B55: внебюджетные источники | C55: 0 | D55: 0 | E55: =D55*100/C55 -> #DIV/0!
A56: 2 | B56: Подпрограмма «Профилактика инфекционных и неинфекционных заболеваний в Каменск-Уральском городском округе на 2025-2030 годы», в т.ч.: | C56: =SUM(C57:C60) -> 50 | D56: =SUM(D57:D60) -> 49.9 | E56: =D56*100/C56 -> 99.8
B57: федеральный бюджет | C57: 0 | D57: 0
B58: областной бюджет | C58: 0 | D58: 0
B59: местный бюджет | C59: 50 | D59: 49.9 | E59: =D59*100/C59 -> 99.8
B60: внебюджетные источники | C60: 0 | D60: 0
A61: II | B61: Муниципальная программа «Обеспечение жильем отдельных категорий граждан в Каменск-Уральском городском округе на 2025-2030 годы»
B62: Всего по программе, в т.ч. | C62: =SUM(C63:C66) -> 39034.2 | D62: =SUM(D63:D66) -> 39034.2 | E62: =D62*100/C62 -> 100
B63: федеральный бюджет | C63: =C69+C75 -> 0 | D63: =D69+D75 -> 0 | E63: -
B64: областной бюджет | C64: =C70+C76 -> 3539.2 | D64: =D70+D76 -> 3539.2 | E64: =D64*100/C64 -> 100
B65: местный бюджет | C65: =C71+C77 -> 15108.2 | D65: =D71+D77 -> 15108.2 | E65: =D65*100/C65 -> 100
B66: внебюджетные источники | C66: =C72+C78 -> 20386.8 | D66: =D72+D78 -> 20386.8 | E66: =D66*100/C66 -> 100
B67: Капитальные вложения
B68: Всего по капитальным вложениям, в т.ч.: | C68: =SUM(C69:C72) -> 0 | D68: =SUM(D69:D72) -> 0 | E68: =D68*100/C68 -> #DIV/0!
B69: федеральный бюджет | C69: 0 | D69: 0 | E69: =D69*100/C69 -> #DIV/0!
B70: областной бюджет | C70: 0 | D70: 0 | E70: =D70*100/C70 -> #DIV/0!
B71: местный бюджет | C71: 0 | D71: 0 | E71: =D71*100/C71 -> #DIV/0!
B72: внебюджетные источники | C72: 0 | D72: 0 | E72: =D72*100/C72 -> #DIV/0!
B73: Прочие нужды
B74: Всего по прочим нуждам, в т.ч.: | C74: =SUM(C75:C78) -> 39034.2 | D74: =SUM(D75:D78) -> 39034.2 | E74: =D74*100/C74 -> 100
B75: федеральный бюджет | C75: =C80+C85+C90 -> 0 | D75: =D80+D85+D90 -> 0 | E75: -
B76: областной бюджет | C76: =C81+C86+C91 -> 3539.2 | D76: =D81+D86+D91 -> 3539.2 | E76: =D76*100/C76 -> 100
B77: местный бюджет | C77: =C82+C87+C92 -> 15108.2 | D77: =D82+D87+D92 -> 15108.2 | E77: =D77*100/C77 -> 100
B78: внебюджетные источники | C78: =C83+C88+C93 -> 20386.8 | D78: =D83+D88+D93 -> 20386.8 | E78: =D78*100/C78 -> 100
A79: 1 | B79: Подпрограмма «Обеспечение жильем молодых семей в Каменск-Уральском городском округе на 2025-2030 годы», в т.ч.: | C79: =SUM(C80:C83) -> 30210.4 | D79: =SUM(D80:D83) -> 30210.4 | E79: =D79*100/C79 -> 100
B80: федеральный бюджет | C80: 0 | E80: =D80*100/C80 -> #DIV/0!
B81: областной бюджет | C81: 3539.2 | D81: 3539.2 | E81: =D81*100/C81 -> 100
B82: местный бюджет | C82: 8999.6 | D82: 8999.6 | E82: =D82*100/C82 -> 100
B83: внебюджетные источники | C83: 17671.6 | D83: 17671.6 | E83: =D83*100/C83 -> 100
A84: 2 | B84: Подпрограмма «Обеспечение жилыми помещениями малоимущих граждан в Каменск-Уральском городском округе на 2025-2030 годы», в т.ч.: | C84: =SUM(C85:C88) -> 5203.8 | D84: =SUM(D85:D88) -> 5203.8 | E84: =D84*100/C84 -> 100
B85: федеральный бюджет | C85: 0 | D85: 0 | E85: =D85*100/C85 -> #DIV/0!
B86: областной бюджет | C86: 0 | D86: 0 | E86: =D86*100/C86 -> #DIV/0!
B87: местный бюджет | C87: 5203.8 | D87: 5203.8 | E87: =D87*100/C87 -> 100
B88: внебюджетные источники | C88: 0 | D88: 0
A89: 3 | B89: Подпрограмма «Обеспечение жильем молодых специалистов в Каменск-Уральском городском округе на 2025-2030 годы», в т.ч.: | C89: =SUM(C90:C93) -> 3620 | D89: =SUM(D90:D93) -> 3620 | E89: =D89*100/C89 -> 100
B90: федеральный бюджет | C90: 0 | D90: 0
B91: областной бюджет | C91: 0 | D91: 0
B92: местный бюджет | C92: 904.8 | D92: 904.8 | E92: =D92*100/C92 -> 100
B93: внебюджетные источники | C93: 2715.2 | D93: 2715.2 | E93: =D93*100/C93 -> 100
A94: III | B94: Муниципальная программа «Обеспечение развития гражданского общества и муниципального управления в Каменск-Уральском городском округе на 2025 – 2030 годы»
B95: Всего по программе, в т.ч. | C95: =SUM(C96:C99) -> 293632.4 | D95: =SUM(D96:D99) -> 290335.8 | E95: =D95*100/C95 -> 98.877304
B96: федеральный бюджет | C96: =C102+C108 -> 0 | D96: =D102+D108 -> 0 | E96: =D96*100/C96 -> #DIV/0!
B97: областной бюджет | C97: =C103+C109 -> 2769 | D97: =D103+D109 -> 2769 | E97: =D97*100/C97 -> 100
B98: местный бюджет | C98: =C104+C110 -> 290863.4 | D98: =D104+D110 -> 287566.8 | E98: =D98*100/C98 -> 98.866616
B99: внебюджетные источники | C99: =C105+C111 -> 0 | D99: =D105+D111 -> 0 | E99: =D99*100/C99 -> #DIV/0!
B100: Капитальные вложения
B101: Всего по капитальным вложениям, в т.ч.: | C101: =SUM(C102:C105) -> 0 | D101: =SUM(D102:D105) -> 0 | E101: =D101*100/C101 -> #DIV/0!
...

Sheet Целевые показатели
A1: Отчет о достижении целевых показателей муниципальных программ за 2025 год
A3: № п/п | B3: Наименование цели (целей) и задач, целевых показателей | C3: Единицы измерения | D3: Значение целевого показателя
D4: план | E4: факт | F4: исполнение, %
A5: 1 | B5: 2 | C5: 3 | D5: 4 | E5: 5 | F5: 6
A6: I | B6: ='Финансовое обеспечение'!B33:E33 -> Муниципальная программа «Реализация социальной политики в Каменск-Уральском городском округе на 2025-2030 годы» | F6: =AVERAGE(F10:F25,F29:F29) -> 100
A7: 1 | B7: Подпрограмма «Дополнительные меры социальной поддержки населения в Каменск-Уральском городском округе на 2025-2030 годы» | F7: =AVERAGE(F10:F25) -> 100
A8: =A7+1 -> 2 | B8: Цель. Сохранение системы дополнительных мер по социальной поддержки отдельных категорий граждан
A9: =A8+1 -> 3 | B9: Задача 1. Предоставление материальной помощи отдельным категориям граждан, которые в силу объективных причин находятся в особых обстоятельствах
A10: =A9+1 -> 4 | B10: Целевой показатель 1. Количество граждан, получивших материальную помощь | C10: человек | D10: 4 | E10: 4 | F10: =E10*100/D10 -> 100
A11: =A10+1 -> 5 | B11: Целевой показатель 2. Количество граждан, получивших компенсацию затрат на установку надгробия-памятника Почетному гражданину города Каменска-Уральского | C11: человек | D11: 2 | E11: 2 | F11: =E11*100/D11 -> 100
A12: =A11+1 -> 6 | B12: Задача 2. Социальная поддержка детей из малообеспеченных семей
A13: =A12+1 -> 7 | B13: Целевой показатель 3. Количество детей из малообеспеченных семей, которым оказаны дополнительные меры социальной поддержки | C13: человек | D13: 300 | E13: 300 | F13: =E13*100/D13 -> 100
A14: =A13+1 -> 8 | B14: Задача 3. Организация и проведение социально-значимых мероприятий
A15: =A14+1 -> 9 | B15: Целевой показатель 4. Количество участников социально-значимых мероприятий | C15: человек | D15: 350 | E15: 350 | F15: =E15*100/D15 -> 100
A16: =A15+1 -> 10 | B16: Задача 4. Социальная поддержка многодетных семей
A17: =A16+1 -> 11 | B17: Целевой показатель 5. Количество многодетных семей, получивших социальную выплату взамен земельного участка, предоставляемого для индивидуального жилищного строительства в собственность бесплатно | C17: человек | D17: 15 | E17: 15 | F17: =E17*100/D17 -> 100
A18: =A17+1 -> 12 | B18: Задача 5. Социальная поддержка обучающихся в государственных общеобразовательных учреждениях, проживающих на отдаленных территориях, в области транспортного обслуживания
A19: =A18+1 -> 13 | B19: Целевой показатель 6. Количество граждан, получивших социальную выплату на проезд в транспорте общего пользования | C19: человек | D19: 15 | E19: 15 | F19: =E19*100/D19 -> 100
A20: =A19+1 -> 14 | B20: Задача 6. Предоставление дополнительных мер социальной поддержки в связи с прохождением гражданами военной службы по контракту
A21: =A20+1 -> 15 | B21: Целевой показатель 7. Количество граждан, проживающих в домах с печным отоплением, получивших денежную выплату на приобретение колотых дров | C21: человек | D21: 0 | E21: 0 | F21: 100
A22: =A21+1 -> 16 | B22: Целевой показатель 8. Количество граждан, получивших единовременную денежную выплату, в связи с заключением контракта о прохождении военной службы в Вооруженных Силах Российской Федерации | C22: человек | D22: 137 | E22: 137 | F22: =E22*100/D22 -> 100
A23: =A22+1 -> 17 | B23: Задача 7. Социальная поддержка отдельных категорий граждан путем снижения налоговой нагрузки в результате освобождения от уплаты земельного налога или уменьшения налогооблагаемой базы по земельному налогу гражданам и организациям
A24: =A23+1 -> 18 | B24: Целевой показатель 9. Предоставление налоговой льготы по земельному налогу участникам и инвалидам Великой Отечественной войны | C24: процент от заявившихся граждан, отвечающих установ-ленным требованиям | D24: 100 | E24: 100 | F24: =E24*100/D24 -> 100
A25: =A24+1 -> 19 | B25: Целевой показатель 8. Предоставление налоговой льготы по уменьшению налогооблагаемой базы по земельному налогу гражданам и организациям | C25: процент от заявившихся граждан, отвечающих установ-ленным требованиям | D25: 100 | E25: 100 | F25: =E25*100/D25 -> 100
A26: =A25+1 -> 20 | B26: Подпрограмма «Профилактика инфекционных и неинфекционных заболеваний в Каменск-Уральском городском округе на 2025-2030 годы» | F26: =AVERAGE(F29:F29) -> 100
A27: =A26+1 -> 21 | B27: Цель. Сохранение и укрепление здоровья населения, профилактика инфекционных, неинфекционных и паразитарных заболеваний среди населения муниципального образования
A28: =A27+1 -> 22 | B28: Задача. Повышение уровня информированности населения о возможности распространения социально значимых заболеваний и заболеваний, представляющих опасность для окружающих, о мерах профилактики таких заболеваний
A29: =A28+1 -> 23 | B29: Целевой показатель 2. Количество информационных материалов (полиграфическая и сувенирная продукция и т.п.), размещенных в образовательных учреждениях, учреждениях культуры, физической культуры и спорта, в других организациях, расположенных на территории муниципального образования | C29: единиц | D29: 2780 | E29: 2780 | F29: =E29*100/D29 -> 100
A30: II | B30: ='Финансовое обеспечение'!B61:E61 -> Муниципальная программа «Обеспечение жильем отдельных категорий граждан в Каменск-Уральском городском округе на 2025-2030 годы» | F30: =AVERAGE(F32:F35,F39,F43) -> 100
A31: =A29+1 -> 24 | B31: Подпрограмма «Обеспечение жильем молодых семей в Каменск-Уральском городском округе на 2025 – 2030 годы» | F31: =AVERAGE(F34:F35) -> 100
A32: =A31+1 -> 25 | B32: Цель. Улучшение жилищных условий молодых семей
A33: =A32+1 -> 26 | B33: Задача 1. Предоставление молодым семьям – участникам мероприятия по обеспечению жильем молодых семей федерального проекта «Содействие субъектам Российской Федерации в реализации полномочий по оказанию государственной поддержки гражданам в обеспечении жильем и оплате жилищно-коммунальных услуг» государственной программы Российской Федерации «Обеспечение доступным и комфортным жильем и коммунальными услугами граждан Российской Федерации» социальных выплат на приобретение (строительство) жилья (далее – мероприятие)
A34: =A33+1 -> 27 | B34: Целевой показатель 1. Количество предоставленных социальных выплат молодым семьям – участникам мероприятия | C34: шт. | D34: 6 | E34: 6 | F34: =E34*100/D34 -> 100
A35: =A34+1 -> 28 | B35: Целевой показатель 2. Доля молодых семей, получивших социальные выплаты на приобретение (строительство) жилья, от численности молодых семей - участников мероприятия | C35: % | D35: 8.4 | E35: 8.4 | F35: =E35*100/D35 -> 100
A36: =A35+1 -> 29 | B36: Подпрограмма «Обеспечение жилыми помещениями малоимущих граждан в Каменск-Уральском городском округе на 2025 – 2030 годы» | F36: =AVERAGE(F39) -> 100
A37: =A36+1 -> 30 | B37: Цель. Обеспечение жильем граждан, нуждающихся в улучшении жилищных условий
A38: =A37+1 -> 31 | B38: Задача. Обеспечение благоустроенными жилыми помещениями малоимущих граждан, признанных в установленном порядке нуждающимися в улучшении жилищных условий, а также граждан, проживающих в аварийном жилищном фонде по договорам социального найма
A39: =A38+1 -> 32 | B39: Целевой показатель 1. Количество жилых помещений, приобретенных для предоставления по договорам социального найма малоимущим гражданам, признанным в установленном порядке нуждающимися в улучшении жилищных условий, а также в связи с выселением из жилых домов, признанных в установленном порядке аварийными и подлежащими сносу | C39: единиц | D39: 1 | E39: 1 | F39: =E39*100/D39 -> 100
A40: =A39+1 -> 33 | B40: Подпрограмма «Обеспечение жильем молодых специалистов в Каменск-Уральском городском округе на 2025-2030 годы» | F40: =AVERAGE(F43) -> 100
A41: =A40+1 -> 34 | B41: Цель. Привлечение квалифицированных специалистов для работы в федеральных, государственных учреждениях здравоохранения, территориальном отделе Управления Роспотребнадзора по Свердловской области в городе Каменск-Уральский, Каменском районе, Сухоложском и Богдановичском районах, муниципальных учреждениях образования, культуры и спорта, расположенных на территории Каменск-Уральского городского округа, и улучшение их жилищных условий
A42: =A41+1 -> 35 | B42: Задача. Предоставление выплат для приобретения жилых помещений в многоквартирных домах молодым специалистам - работникам федеральных, государственных учреждений здравоохранения, территориального отдела Управления Роспотребнадзора по Свердловской области в городе Каменск-Уральский, Каменском районе, Сухоложском и Богдановичском районах, муниципальных учреждений образования, культуры и спорта, расположенных на территории Каменск-Уральского городского округа
A43: =A42+1 -> 36 | B43: Целевой показатель 1. Количество предоставленных выплат молодым специалистам | C43: шт. | D43: 1 | E43: 1 | F43: =E43*100/D43 -> 100
A44: III | B44: ='Финансовое обеспечение'!B94:E94 -> Муниципальная программа «Обеспечение развития гражданского общества и муниципального управления в Каменск-Уральском городском округе на 2025 – 2030 годы» | F44: =AVERAGE(F48:F58,F62:F64,F68:F77,F81:F91,F95:F98,F102:F110) -> 101.7592
A45: =A43+1 -> 37 | B45: Подпрограмма «Поддержка социально ориентированных некоммерческих организаций в Каменск-Уральском городском округе на 2025-2030 годы» | F45: =AVERAGE(F48:F58) -> 109.58947
A46: =A45+1 -> 38 | B46: Цель. Создание условий для деятельности социально ориентированных некоммерческих организаций на территории Каменск-Уральского городского округа и развитие их потенциала
A47: =A46+1 -> 39 | B47: Задача 1. Обеспечение финансовой, имущественной, информационной, консультационной поддержки СО НКО
A48: =A47+1 -> 40 | B48: Целевой показатель 1. Количество СО НКО, получивших поддержку из местного бюджета | C48: ед. | D48: 24 | E48: 23 | F48: =E48*100/D48 -> 95.833333
A49: =A48+1 -> 41 | B49: Целевой показатель 2. Количество субсидий на возмещение финансовых затрат, связанных с осуществлением уставной деятельности СОНКО | C49: ед. | D49: 45 | E49: 43 | F49: =E49*100/D49 -> 95.555556
A50: =A49+1 -> 42 | B50: Целевой показатель 3. Количество социально значимых проектов СОНКО, получивших финансовую поддержку из местного бюджета в виде субсидии | C50: ед. | D50: 6 | E50: 6 | F50: =E50*100/D50 -> 100
A51: =A50+1 -> 43 | B51: Задача 2. Привлечение возможностей СОНКО для решения социально-значимых вопросов городского сообщества
A52: =A51+1 -> 44 | B52: Целевой показатель 6. Количество проведенных СО НКО общественно-значимых мероприятий в рамках уставной деятельности | C52: ед. | D52: 45 | E52: 43 | F52: =E52*100/D52 -> 95.555556
A53: =A52+1 -> 45 | B53: Задача 3. Содействие развитию практики благотворительной деятельности граждан и организаций, а также распространению добровольческой деятельности (волонтерства)
A54: =A53+1 -> 46 | B54: Целевой показатель 6. Объем благотворительной деятельности по муниципальному образованию | C54: млн.руб. | D54: 770 | E54: 1255.4 | F54: =E54*100/D54 -> 163.03896
A55: =A54+1 -> 47 | B55: Задача 4. Совершенствование механизмов взаимодействия органов местного самоуправления с институтами гражданского общества в решении вопросов социально-экономического развития муниципального образования
A56: =A55+1 -> 48 | B56: Целевой показатель 6. Количество проведенных мероприятий с участием членов Общественной палаты Каменск-Уральского городского округа и представителей СОНКО (семинары, публичные слушания, общественные обсуждения, заседания, совещания, конференции, «круглые столы» и т.д.) | C56: ед. | D56: 20 | E56: 20 | F56: =E56*100/D56 -> 100
A57: =A56+1 -> 49 | B57: Задача 5. Содействие повышению эффективности и профессионализма деятельности СО НКО
A58: =A57+1 -> 50 | B58: Целевой показатель 7. Количество руководителей, членов и добровольцев, участвующих в деятельности СОНКО, получивших поощрения за значительный вклад в развитие благотворительности, добровольчества, некоммерческого сектора | C58: ед. | D58: 70 | E58: 82 | F58: =E58*100/D58 -> 117.14286
A59: =A58+1 -> 51 | B59: Подпрограмма «Профилактика экстремизма, укрепление межнационального и межконфессионального согласия в Каменск-Уральском городском округе на 2025-2030 годы» | F59: =AVERAGE(F62,F64) -> 103
A60: =A59+1 -> 52 | B60: Цель. Участие в профилактике экстремизма, этноконфессиональных конфликтов, обеспечение гражданского и межнационального согласия, национально-культурного развития народов России, проживающих на территории Каменск-Уральского городского округа, социальной и культурной адаптации иностранных граждан
A61: =A60+1 -> 53 | B61: Задача 1. Формирование у населения Каменск-Уральского городского округа общероссийского гражданского самосознания, уважительного отношения к представителям разных национальностей и вероисповеданий, неприятия идеологии экстремизма
A62: =A61+1 -> 54 | B62: Целевой показатель 1.Количество участников конкурсов, мероприятий, направленных на формирование уважительного отношения к представителям разных национальностей и вероисповеданий, формирование общероссийской гражданской идентичности, неприятие идеологии экстремизма | C62: чел. | D62: 50 | E62: 53 | F62: =E62*100/D62 -> 106
A63: =A62+1 -> 55 | B63: Задача 2. Создание условий для успешной социальной и культурной адаптации иностранных граждан в городском сообществе
A64: =A63+1 -> 56 | B64: Целевой показатель 3. Количество изготовленной печатной продукции (листовок, брошюр и др.), направленной на социальную и культурную адаптацию иностранных граждан и их интеграцию в городское сообщество | C64: ед. | D64: 510 | E64: 510 | F64: =E64*100/D64 -> 100
A65: =A64+1 -> 57 | B65: Подпрограмма «Обеспечение комплектования, учета, хранения и использования архивных документов, находящихся в МКУ «Архив Каменск-Уральского городского округа» на 2025-2030 годы» | F65: =AVERAGE(F68:F77) -> 101.77549
A66: =A65+1 -> 58 | B66: Цель. Создание условий для удовлетворения потребностей населения, органов власти, организаций Свердловской области в ретроспективной информации и сохранение для общества и государства их исторического наследия
A67: =A66+1 -> 59 | B67: Задача 1. Обеспечение единого информационного пространства и удовлетворение потребностей в архивной информации в Свердловской области
A68: =A67+1 -> 60 | B68: Доля архивных документов, включенных в электронные описи, от общего количества архивных документов, постоянного срока хранения, находящихся на хранении в МКУ «Архив Каменск-Уральского городского округа» | C68: процент | D68: 100 | E68: 100 | F68: =E68*100/D68 -> 100
A69: =A68+1 -> 61 | B69: Доля социально-правовых запросов граждан, исполненных в установленные сроки | C69: процент | D69: 100 | E69: 100 | F69: =E69*100/D69 -> 100
A70: =A69+1 -> 62 | B70: Доля числа пользователей архивными документами, удовлетворенных качеством услуг | C70: процент | D70: 97 | E70: 100 | F70: =E70*100/D70 -> 103.09278
A71: =A70+1 -> 63 | B71: Задача 2. Сохранение и повышение безопасности архивных документов, как части историко-культурного достояния и информационных ресурсов Каменск-Уральского городского округа и Свердловской области
A72: =A71+1 -> 64 | B72: Доля принятых на постоянное хранение архивных документов от общего количества документов Архивного фонда Российской Федерации, подлежащих приему в установленные законодательством сроки | C72: (не менее) процент | D72: 90 | E72: 100 | F72: =E72*100/D72 -> 111.11111
A73: =A72+1 -> 65 | B73: Доля помещений МКУ «Архив Каменск-Уральского городского округа», соответствующих требованиям противопожарного, охранного режимов | C73: процент | D73: 100 | E73: 100 | F73: =E73*100/D73 -> 100
A74: =A73+1 -> 66 | B74: Доля архивных документов, поставленных на государственный учет, от общего количества архивных документов, находящихся на хранении в МКУ «Архив Каменск-Уральского городского округа» | C74: процент | D74: 100 | E74: 100 | F74: =E74*100/D74 -> 100
A75: =A74+1 -> 67 | B75: Количество сотрудников, повысивших в течение года свой профессиональный уровень | C75: человек | D75: 3 | E75: 3 | F75: =E75*100/D75 -> 100
A76: =A75+1 -> 68 | B76: Задача 3. Обеспечение исполнения муниципальным архивом государственных полномочий Свердловской области по хранению, учету и использованию архивных документов, относящихся к собственности Свердловской области
A77: =A76+1 -> 69 | B77: Количество единиц хранения архивных документов, относящихся к государственной собственности Свердловской области, хранящихся в МКУ «Архив Каменск-Уральского городского округа» | C77: единиц хранения | D77: 26494 | E77: 26494 | F77: =E77*100/D77 -> 100
A78: =A77+1 -> 70 | B78: Подпрограмма «Реализация прочих мероприятий на 2025-2030 годы» | F78: =AVERAGE(F81:F91) -> 100
A79: =A78+1 -> 71 | B79: Цель. Формирование информационной среды муниципального образования, направленной на сохранение и поддержание социальной и экономической стабильности посредством информационных ресурсов - связи, электронных и печатных СМИ, новых компьютерных и цифровых информационных технологий
A80: =A79+1 -> 72 | B80: Задача 1. Развитие информационно-технологической инфраструктуры Администрации городского округа
A81: =A80+1 -> 73 | B81: Целевой показатель 1. Приобретение и установка для муниципальных служащих Администрации городского округа автоматизированных рабочих мест, удовлетворяющих требованиям федеральных информационных ресурсов, серверов | C81: единиц | D81: 3 | E81: 3 | F81: =E81*100/D81 -> 100
A82: =A81+1 -> 74 | B82: Задача 2. Создание условий для распространения своевременной, достоверной, полной, разносторонней информации о политических, социально-экономических и иных событиях муниципального образования
A83: =A82+1 -> 75 | B83: Целевой показатель 3. Количество изготовленной сувенирной продукции | C83: единиц | D83: 600 | E83: 600 | F83: =E83*100/D83 -> 100
A84: =A83+1 -> 76 | B84: Целевой показатель 4. Предоставление субсидий телевизионным средствам массовой информации, осуществляющим информирование населения о деятельности органов местного самоуправления и (или) муниципальных казенных учреждений Каменск-Уральского городского округа | C84: минут | D84: 612 | E84: 612 | F84: =E84*100/D84 -> 100
A85: =A84+1 -> 77 | B85: Задача 3. Мотивация жителей муниципального образования, общественных объединений, организаций к общественным инициативам, привлечение к активному участию в жизни городского сообщества
A86: =A85+1 -> 78 | B86: Целевой показатель 5. Проведение городских творческих конкурсов среди жителей муниципального образования | C86: количество конкурсов | D86: 3 | E86: 3 | F86: =D86/E86*100 -> 100
A87: =A86+1 -> 79 | B87: Задача 4. Социальное обеспечение отдельных категорий граждан, ранее занимавших должности муниципальной службы в муниципальном образовании, в соответствии с законодательством Российской Федерации
A88: =A87+1 -> 80 | B88: Целевой показатель 6. Обеспечение выплаты бывшим работникам органов местного самоуправления пенсий за выслугу лет | C88: процент | D88: 100 | E88: 100 | F88: =D88/E88*100 -> 100
A89: =A88+1 -> 81 | B89: Задача 5. Информирование жителей муниципального образования, связанное с 80-летием Победы в Великой Отечественной войне 1941-1945гг.
A90: =A89+1 -> 82 | B90: Целевой показатель 7. Количество информационных материалов, посвященных трудовому подвигу Каменска-Уральского в годы Великой Отечественной войны 1941-1945гг. | C90: количество | D90: 36 | E90: 36 | F90: =D90/E90*100 -> 100
A91: =A90+1 -> 83 | B91: Целевой показатель 8. Количество прямых эфиров посвященных патриотическому воспитанию, трудовому подвигу Каменска-Уральского в годы Великой Отечественной войны 1941-1945гг., празднованию 80-летия Победы в Великой Отечественной войне 1941-1945гг. | C91: количество | D91: 10 | E91: 10 | F91: =D91/E91*100 -> 100
A92: =A88+1 -> 81 | B92: Подпрограмма «Профилактика правонарушений и употребления психоактивных веществ в Каменск-Уральском городском округе на 2025-2030 годы» | F92: =AVERAGE(F95:F98) -> 98.16092
A93: =A92+1 -> 82 | B93: Цель. Развитие и обеспечение функционирования системы комплексной профилактики правонарушений и употребления психоактивных веществ (далее – ПАВ) на территории муниципального образования
A94: =A93+1 -> 83 | B94: Задача 1. Формирование у детей, подростков и молодежи устойчивой мотивации выбора здорового образа жизни и негативного отношения к употреблению алкоголя, наркотиков и психоактивных веществ
A95: =A94+1 -> 84 | B95: Целевой показатель 1. Количество обучающихся 5-11 классов, вовлеченных в мероприятия правовой направленности и охваченных пропагандой о вреде употребления ПАВ | C95: чел. | D95: 1000 | E95: 1000 | F95: =E95*100/D95 -> 100
A96: =A95+1 -> 85 | B96: Целевой показатель 2. Количество обучающихся в учреждениях среднего профессионального и высшего образования, вовлеченных в мероприятия правовой направленности и охваченных пропагандой о вреде употребления ПАВ | C96: чел. | D96: 1000 | E96: 1000 | F96: =E96*100/D96 -> 100
A97: =A96+1 -> 86 | B97: Задача 2. Поддержка деятельности добровольных народных дружин
A98: =A97+1 -> 87 | B98: Целевой показатель 3. Участие членов добровольной народной дружины в охране общественного порядка | C98: час. | D98: 2900 | E98: 2740 | F98: =E98*100/D98 -> 94.482759
A99: =A98+1 -> 88 | B99: Подпрограмма «Профилактика терроризма, а также минимизация и (или) ликвидация последствий его на территории Каменск-Уральского городского округа на 2025-2030 годы» | F99: =AVERAGE(F102:F110) -> 96.857143
A100: =A99+1 -> 89 | B100: Цель. Профилактика терроризма, а также минимизация и (или) ликвидация последствий его проявлений на территории Каменск-Уральского городского округа
A101: =A100+1 -> 90 | B101: Задача 1. Совершенствование координации деятельности территориальных органов федеральных органов исполнительной власти, органов исполнительной власти Свердловской области и органов местного самоуправления Каменск-Уральского городского округа в профилактике терроризма
...

Sheet Эффективность
A1: Оценка эффективности муниципальных программ за 2025 год
A3: № п/п | B3: Наименование муниципальной программы (подпрограммы) | C3: Оценка полноты финансирования (Q1) | E3: Оценка достижения плановых значений целевых показателей (Q2) | G3: Оценка эффективности муниципальной программы
A5: 1 | B5: 2 | C5: 3 | E5: 4 | G5: 5
A6: I | B6: ='Целевые показатели'!B6 -> Муниципальная программа «Реализация социальной политики в Каменск-Уральском городском округе на 2025-2030 годы» | C6: ='Финансовое обеспечение'!E34/100 -> 0.99779099 | D6: - полное финансирование | E6: ='Целевые показатели'!F6/100 -> 1 | F6: - высокая результативность | G6: Оценка - 5. Высокая эффективность муниципальной программы
A7: 1.1 | B7: ='Целевые показатели'!B7 -> Подпрограмма «Дополнительные меры социальной поддержки населения в Каменск-Уральском городском округе на 2025-2030 годы» | C7: ='Финансовое обеспечение'!E51/100 -> 0.99779063 | D7: - полное финансирование | E7: ='Целевые показатели'!F7/100 -> 1 | F7: - высокая результативность | G7: Оценка - 5. Высокая эффективность подпрограммы
A8: 1.2 | B8: ='Целевые показатели'!B26 -> Подпрограмма «Профилактика инфекционных и неинфекционных заболеваний в Каменск-Уральском городском округе на 2025-2030 годы» | C8: ='Финансовое обеспечение'!E56/100 -> 0.998 | D8: - полное финансирование | E8: ='Целевые показатели'!F26/100 -> 1 | F8: - высокая результативность | G8: Оценка - 5. Высокая эффективность подпрограммы
A9: II | B9: ='Целевые показатели'!B30 -> Муниципальная программа «Обеспечение жильем отдельных категорий граждан в Каменск-Уральском городском округе на 2025-2030 годы» | C9: ='Финансовое обеспечение'!E62/100 -> 1 | D9: - полное финансирование | E9: ='Целевые показатели'!F30/100 -> 1 | F9: - высокая результативность | G9: Оценка - 5. Высокая эффективность муниципальной программы
A10: 2.1 | B10: ='Целевые показатели'!B31 -> Подпрограмма «Обеспечение жильем молодых семей в Каменск-Уральском городском округе на 2025 – 2030 годы» | C10: ='Финансовое обеспечение'!E79/100 -> 1 | D10: - полное финансирование | E10: ='Целевые показатели'!F31/100 -> 1 | F10: - высокая результативность | G10: Оценка - 5. Высокая эффективность подпрограммы
A11: 2.2 | B11: ='Целевые показатели'!B36 -> Подпрограмма «Обеспечение жилыми помещениями малоимущих граждан в Каменск-Уральском городском округе на 2025 – 2030 годы» | C11: ='Финансовое обеспечение'!E84/100 -> 1 | D11: - полное финансирование | E11: ='Целевые показатели'!F36/100 -> 1 | F11: - высокая результативность | G11: Оценка - 5. Высокая эффективность подпрограммы
A12: 2.3 | B12: ='Целевые показатели'!B40 -> Подпрограмма «Обеспечение жильем молодых специалистов в Каменск-Уральском городском округе на 2025-2030 годы» | C12: ='Финансовое обеспечение'!E84/100 -> 1 | D12: - полное финансирование | E12: ='Целевые показатели'!F40/100 -> 1 | F12: - высокая результативность | G12: Оценка - 5. Высокая эффективность подпрограммы
A13: III | B13: ='Целевые показатели'!B44 -> Муниципальная программа «Обеспечение развития гражданского общества и муниципального управления в Каменск-Уральском городском округе на 2025 – 2030 годы» | C13: ='Финансовое обеспечение'!E95/100 -> 0.98877304 | D13: - полное финансирование | E13: ='Целевые показатели'!F44/100 -> 1.017592 | F13: - высокая результативность | G13: Оценка - 5. Высокая эффективность муниципальной программы
A14: 3.1 | B14: ='Целевые показатели'!B45 -> Подпрограмма «Поддержка социально ориентированных некоммерческих организаций в Каменск-Уральском городском округе на 2025-2030 годы» | C14: ='Финансовое обеспечение'!E112/100 -> 0.99977551 | D14: - полное финансирование | E14: ='Целевые показатели'!F45/100 -> 1.0958947 | F14: - средняя результативность (перевыполнение плана) | G14: Оценка - 4. Приемлемый уровень эффективности подпрограммы
A15: 3.2 | B15: ='Целевые показатели'!B59 -> Подпрограмма «Профилактика экстремизма, укрепление межнационального и межконфессионального согласия в Каменск-Уральском городском округе на 2025-2030 годы» | C15: ='Финансовое обеспечение'!E117/100 -> 0.9975 | D15: - полное финансирование | E15: ='Целевые показатели'!F59/100 -> 1.03 | F15: - высокая результативность | G15: Оценка - 5. Высокая эффективность подпрограммы
A16: 3.3 | B16: ='Целевые показатели'!B65 -> Подпрограмма «Обеспечение комплектования, учета, хранения и использования архивных документов, находящихся в МКУ «Архив Каменск-Уральского городского округа» на 2025-2030 годы» | C16: ='Финансовое обеспечение'!E122/100 -> 0.99133338 | D16: - полное финансирование | E16: ='Целевые показатели'!F65/100 -> 1.0177549 | F16: - высокая результативность | G16: Оценка - 5. Высокая эффективность подпрограммы
A17: 3.4 | B17: ='Целевые показатели'!B78 -> Подпрограмма «Реализация прочих мероприятий на 2025-2030 годы» | C17: ='Финансовое обеспечение'!E127/100 -> 0.98610569 | D17: - полное финансирование | E17: ='Целевые показатели'!F78/100 -> 1 | F17: - высокая результативность | G17: Оценка - 5. Высокая эффективность подпрограммы
A18: 3.5 | B18: ='Целевые показатели'!B92 -> Подпрограмма «Профилактика правонарушений и употребления психоактивных веществ в Каменск-Уральском городском округе на 2025-2030 годы» | C18: ='Финансовое обеспечение'!E132/100 -> 0.94428571 | D18: -неполное финансирование | E18: ='Целевые показатели'!F92/100 -> 0.9816092 | F18: - высокая результативность | G18: Оценка - 4. Приемлемый уровень эффективности подпрограммы
A19: 3.6 | B19: ='Целевые показатели'!B99 -> Подпрограмма «Профилактика терроризма, а также минимизация и (или) ликвидация последствий его на территории Каменск-Уральского городского округа на 2025-2030 годы» | C19: ='Финансовое обеспечение'!E137/100 -> 0.99963636 | D19: - полное финансирование | E19: ='Целевые показатели'!F99/100 -> 0.96857143 | F19: - высокая результативность | G19: Оценка - 5. Высокая эффективность подпрограммы.
A20: 3.7 | B20: ='Целевые показатели'!B111 -> Обеспечивающая подпрограмма | C20: ='Финансовое обеспечение'!E142/100 -> 0.98937346 | D20: - полное финансирование | E20: - | F20: показатели не устанавливаются | G20: Не оценивается в связи с тем, что целевые показатели не установлены.
A21: IV | B21: ='Целевые показатели'!B113 -> Муниципальная программа «Содействие развитию малого и среднего предпринимательства, внутреннего и въездного туризма в Каменск-Уральском городском округе на 2025 – 2030 годы» | C21: ='Финансовое обеспечение'!E148/100 -> 0.97149001 | D21: - полное финансирование | E21: ='Целевые показатели'!F113/100 -> 1.370752 | F21: - средняя результативность (перевыполнение плана) | G21: Оценка - 4. Приемлемый уровень эффективности муниципальной программы
A22: 4.1 | B22: ='Целевые показатели'!B114 -> Подпрограмма «Содействие развитию малого и среднего предпринимательства в Каменск-Уральском городском округе на 2025-2030 годы» | C22: ='Финансовое обеспечение'!E165/100 -> 1 | D22: - полное финансирование | E22: ='Целевые показатели'!F114/100 -> 1.459339 | F22: - низкая результативность (существенное перевыполнение плана) | G22: Оценка - 4. Приемлемый уровень эффективности подпрограммы
A23: 4.2 | B23: ='Целевые показатели'!B142 -> Подпрограмма «Содействие развитию внутреннего и въездного туризма в Каменск-Уральском городском округе на 2025-2030 годы» | C23: ='Финансовое обеспечение'!E170/100 -> 0.92670327 | D23: - неполное финансирование | E23: ='Целевые показатели'!F142/100 -> 1.2157249 | F23: - низкая результативность (существенное перевыполнение плана) | G23: Оценка - 3. Средний уровень эффективности подпрограммы
A24: V | B24: ='Целевые показатели'!B159 -> Муниципальная программа «Управление муниципальной собственностью Каменск-Уральского городского округа на 2025 - 2030 годы» | C24: ='Финансовое обеспечение'!E176/100 -> 0.94608563 | D24: - неполное финансирование | E24: ='Целевые показатели'!F159/100 -> 0.89854923 | F24: - средняя результативность (недовыполнение плана) | G24: Оценка - 4. Приемлемый уровень эффективности муниципальной программы
A25: VI | B25: ='Целевые показатели'!B194 -> Муниципальная программа «Реализация мероприятий в области градостроительной деятельности на территории Каменск-Уральского городского округа на 2025-2030 годы» | C25: ='Финансовое обеспечение'!E264/100 -> 0.99837166 | D25: - полное финансирование | E25: ='Целевые показатели'!F194/100 -> 1 | F25: - высокая результативность | G25: Оценка - 5. Высокая эффективность муниципальной программы.
A26: 6.1 | B26: ='Целевые показатели'!B195 -> Подпрограмма 1. «Обеспечение деятельности органа местного самоуправления «Комитет по архитектуре и градостроительству Каменск-Уральского городского округа» | C26: ='Финансовое обеспечение'!E319/100 -> 0.98843442 | D26: - полное финансирование | E26: ='Целевые показатели'!F195 -> - | F26: показатели не устанавливаются | G26: Не оценивается в связи с тем, что целевые показатели не установлены
A27: 6.2 | B27: ='Целевые показатели'!B197 -> Подпрограмма 2. «Обеспечение деятельности муниципального казенного учреждения «Управление капитального строительства» | C27: ='Финансовое обеспечение'!E324/100 -> 0.99790566 | D27: - полное финансирование | E27: ='Целевые показатели'!F197 -> - | F27: показатели не устанавливаются | G27: Не оценивается в связи с тем, что целевые показатели не установлены
A28: 6.3 | B28: ='Целевые показатели'!B199 -> Подпрограмма 3. «Мероприятия в области строительства, архитектуры и градостроительства» | C28: ='Финансовое обеспечение'!E329/100 -> 1 | D28: - полное финансирование | E28: ='Целевые показатели'!F199/100 -> 1 | F28: - высокая результативность | G28: Оценка - 5. Высокая эффективность подпрограммы
A29: 6.4 | B29: ='Целевые показатели'!B212 -> Подпрограмма 4. «Строительство объектов транспортной инфраструктуры» | C29: ='Финансовое обеспечение'!E277/100 -> 1 | D29: - полное финансирование | E29: ='Целевые показатели'!F212/100 -> 1 | F29: - высокая результативность | G29: Оценка - 5. Высокая эффективность подпрограммы
A30: 6.5 | B30: ='Целевые показатели'!B216 -> Подпрограмма 5. «Строительство объектов инженерной инфраструктуры» | C30: ='Финансовое обеспечение'!E282/100 -> 0.99944771 | D30: - полное финансирование | E30: ='Целевые показатели'!F216/100 -> 1 | F30: - высокая результативность | G30: Оценка - 5. Высокая эффективность подпрограммы
A31: 6.6 | B31: ='Целевые показатели'!B221 -> Подпрограмма 6. «Строительство и модернизация объектов коммунальной инфраструктуры» | C31: ='Финансовое обеспечение'!E287/100 -> 0.99998897 | D31: - полное финансирование | E31: ='Целевые показатели'!F221/100 -> 1 | F31: - высокая результативность | G31: Оценка - 5. Высокая эффективность подпрограммы
A32: 6.7 | B32: ='Целевые показатели'!B226 -> Подпрограмма 10. «Строительство и реконструкция объектов благоустройства» | C32: ='Финансовое обеспечение'!E308/100 -> 0.92301576 | D32: - неполное финансирование | E32: ='Целевые показатели'!F226/100 -> 1 | F32: - высокая результативность | G32: Оценка - 4. Приемлемый уровень эффективности подпрограммы
A33: VII | B33: ='Целевые показатели'!B231 -> Муниципальная программа «Обеспечение функционирования городского хозяйства в Каменск-Уральском городском округе на 2025-2030 годы» | C33: ='Финансовое обеспечение'!E335/100 -> 0.97730903 | D33: - полное финансирование | E33: ='Целевые показатели'!F231/100 -> 0.97572901 | F33: - высокая результативность | G33: Оценка - 5. Высокая эффективность муниципальной программы.
A34: 7.1 | B34: ='Целевые показатели'!B232 -> Подпрограмма «Обеспечение реализации муниципальной программы «Обеспечение функционирования городского хозяйства в Каменск-Уральском городском округе на 2025-2030 годы» | C34: ='Финансовое обеспечение'!E407/100 -> 0.99526525 | D34: - полное финансирование | E34: ='Целевые показатели'!F232/100 -> 1 | F34: - высокая результативность | G34: Оценка - 5. Высокая эффективность подпрограммы
A35: 7.2 | B35: ='Целевые показатели'!B239 -> Подпрограмма «Функционирование дорожного хозяйства» | C35: ='Финансовое обеспечение'!E352/100 -> 0.98291536 | D35: - полное финансирование | E35: ='Целевые показатели'!F239/100 -> 0.99723692 | F35: - высокая результативность | G35: Оценка - 5. Высокая эффективность подпрограммы
A36: 7.3 | B36: ='Целевые показатели'!B259 -> Подпрограмма «Организация транспортного обслуживания населения» | C36: ='Финансовое обеспечение'!E357/100 -> 0.85083564 | D36: - неполное финансирование | E36: ='Целевые показатели'!F259/100 -> 0.90843268 | F36: - средняя результативность (недовыполнение плана) | G36: Оценка - 4. Приемлемый уровень эффективности подпрограммы
A37: 7.4 | B37: ='Целевые показатели'!B266 -> Подпрограмма «Обеспечение функционирования лесного хозяйства» | C37: ='Финансовое обеспечение'!E362/100 -> 0.91910015 | D37: - неполное финансирование | E37: ='Целевые показатели'!F266/100 -> 0.96293436 | F37: - высокая результативность | G37: Оценка - 4. Приемлемый уровень эффективности подпрограммы
A38: 7.5 | B38: ='Целевые показатели'!B274 -> Подпрограмма «Организация и содержание объектов благоустройства» | C38: ='Финансовое обеспечение'!E367/100 -> 0.97797569 | D38: - полное финансирование | E38: ='Целевые показатели'!F274/100 -> 1 | F38: - высокая результативность | G38: Оценка - 5. Высокая эффективность подпрограммы
A39: 7.6 | B39: ='Целевые показатели'!B287 -> Подпрограмма «Организация оказания ритуальных услуг и содержание мест захоронения» | C39: ='Финансовое обеспечение'!E372/100 -> 0.99639548 | D39: - полное финансирование | E39: ='Целевые показатели'!F287/100 -> 1 | F39: - высокая результативность | G39: Оценка - 5. Высокая эффективность подпрограммы
A40: 7.7 | B40: ='Целевые показатели'!B295 -> Подпрограмма «Защита населения и территории Каменск-Уральского городского округа от чрезвычайных ситуаций природного и техногенного характера» | C40: ='Финансовое обеспечение'!E377/100 -> 0.98402819 | D40: - полное финансирование | E40: ='Целевые показатели'!F295/100 -> 1 | F40: - высокая результативность | G40: Оценка - 5. Высокая эффективность подпрограммы
A41: 7.8 | B41: ='Целевые показатели'!B309 -> Подпрограмма «Природоохранная деятельность» | C41: ='Финансовое обеспечение'!E382/100 -> 1 | D41: - полное финансирование | E41: ='Целевые показатели'!F309/100 -> 1 | F41: - высокая результативность | G41: Оценка - 5. Высокая эффективность подпрограммы
A42: 7.9 | B42: ='Целевые показатели'!B318 -> Подпрограмма «Обеспечение первичных мер пожарной безопасности» | C42: ='Финансовое обеспечение'!E387/100 -> 0.99902491 | D42: - полное финансирование | E42: ='Целевые показатели'!F318/100 -> 1 | F42: - высокая результативность | G42: Оценка - 5. Высокая эффективность подпрограммы
A43: 7.10 | B43: ='Целевые показатели'!B326 -> Подпрограмма «Модернизация и реконструкция объектов коммунальной инфраструктуры» | C43: ='Финансовое обеспечение'!E392/100 -> 0.73588399 | D43: - неполное финансирование | E43: ='Целевые показатели'!F326/100 -> 1 | F43: - высокая результативность | G43: Оценка - 4. Приемлемый уровень эффективности подпрограммы
A44: 7.11 | B44: ='Целевые показатели'!B331 -> Подпрограмма «Организация и обеспечение безопасности дорожного движения» | C44: ='Финансовое обеспечение'!E397/100 -> 0.99017187 | D44: - полное финансирование | E44: ='Целевые показатели'!F331/100 -> 1 | F44: - высокая результативность | G44: Оценка - 5. Высокая эффективность подпрограммы
A45: 7.12 | B45: ='Целевые показатели'!B341 -> Подпрограмма «Осуществление государственного полномочия Свердловской области в сфере организации мероприятий при осуществлении деятельности по обращению с животными без владельцев» | C45: ='Финансовое обеспечение'!E402/100 -> 0.65445581 | D45: - неполное финансирование | E45: ='Целевые показатели'!F341/100 -> 0.79823166 | F45: - средняя результативность (недовыполнение плана) | G45: Оценка - 4. Приемлемый уровень эффективности подпрограммы
A46: VIII | B46: ='Целевые показатели'!B350 -> Муниципальная программа «Обеспечение функционирования жилищного хозяйства в Каменск-Уральском городском округе на 2025-2030 годы» | C46: ='Финансовое обеспечение'!E413/100 -> 0.98266682 | D46: - полное финансирование | E46: ='Целевые показатели'!F350/100 -> 1 | F46: - высокая результативность | G46: Оценка - 5. Высокая эффективность муниципальной программы.
A47: 8.1 | B47: ='Целевые показатели'!B351 -> Подпрограмма 1. «Предоставление мер социальной поддержки по оплате жилищно-коммунальных услуг и уплате земельного налога» | C47: ='Финансовое обеспечение'!E430/100 -> 0.98150846 | D47: - полное финансирование | E47: ='Целевые показатели'!F351/100 -> 1 | F47: - высокая результативность | G47: Оценка - 5. Высокая эффективность подпрограммы
A48: 8.2 | B48: ='Целевые показатели'!B362 -> Подпрограмма 2. «Повышение благоустройства жилищного фонда» | C48: ='Финансовое обеспечение'!E435/100 -> 0.99583173 | D48: - полное финансирование | E48: ='Целевые показатели'!F362/100 -> 1 | F48: - высокая результативность | G48: Оценка - 5. Высокая эффективность подпрограммы
A49: 8.3 | B49: ='Целевые показатели'!B370 -> Подпрограмма 3. «Обеспечение деятельности отраслевого органа Администрации Каменск-Уральского городского округа по жилищному хозяйству» | C49: ='Финансовое обеспечение'!E440/100 -> 0.99540275 | D49: - полное финансирование | E49: ='Целевые показатели'!F370 -> - | F49: показатели не устанавливаются | G49: Не оценивается в связи с тем, что целевые показатели не установлены
A50: IX | B50: ='Целевые показатели'!B372 -> Муниципальная программа «Развитие сферы культуры в Каменск-Уральском городском округе на 2025-2030 годы» | C50: ='Финансовое обеспечение'!E446/100 -> 0.99875686 | D50: - полное финансирование | E50: ='Целевые показатели'!F372/100 -> 1.0117791 | F50: - высокая результативность | G50: Оценка - 5. Высокая эффективность муниципальной программы
A51: X | B51: ='Целевые показатели'!B394 -> Муниципальная программа «Развитие физической культуры и спорта в Каменск-Уральском городском округе на 2025-2030 годы» | C51: ='Финансовое обеспечение'!E529/100 -> 0.99603709 | D51: - полное финансирование | E51: ='Целевые показатели'!F394/100 -> 1.0284929 | F51: - высокая результативность | G51: Оценка - 5. Высокая эффективность муниципальной программы
A52: XI | B52: ='Целевые показатели'!B432 -> Муниципальная программа «Развитие муниципальной системы образования в Каменск-Уральском городском округе на 2025-2030 годы» | C52: ='Финансовое обеспечение'!E622/100 -> 0.99661661 | D52: - полное финансирование | E52: ='Целевые показатели'!F432/100 -> 1.0000372 | F52: - высокая результативность | G52: Оценка - 5. Высокая эффективность муниципальной программы
A53: XII | B53: ='[1]1 кв 2025'!B788:E788 -> Муниципальная программа «Формирование современной городской среды на территории Каменск-Уральского городского округа на 2017-2030 годы» | C53: ='Финансовое обеспечение'!E760/100 -> 0.99127437 | D53: - полное финансирование | E53: ='Целевые показатели'!F480/100 -> 0.83333333 | F53: - средняя результативность | G53: Оценка - 3. Средний уровень эффективности муниципальной программы
A55: Начальник отдела мониторинга муниципальных программ и услуг | G55: О.В. Ломаева
